[Event "December 19 Late 2023"]
[Site "https://www.chess.com"]
[Date "2023.12.19"]
[Round "3"]
[White "Rastbod, Ali"]
[Black "Ferreira, Vitor Hugo Vieira"]
[Result "1/2-1/2"]
[Board "48"]
[TimeControl "180+1"]
[WhiteFideId "12567477"]
[BlackFideId "2119765"]
[WhiteElo "2209"]
[BlackElo "2123"]
[WhiteTeam "IRI"]
[BlackTeam "BRA"]
[WhiteClock "0:00:08"]
[BlackClock "0:00:17"]

1. e4 c5 2. Nf3 d6 3. Bb5+ Nd7 4. c4 a6 5. Ba4 Nf6 6. Nc3 g6 7. O-O Bg7 8. h3 O-O 9. d3 b6 10. Be3 Bb7 11. Qd2 e6 12. Bg5 Qc7 13. a3 Ne5 14. Ne1 Nc6 15. Bxc6 Bxc6 16. Nc2 Rab8 17. Bh6 Rfe8 18. Bxg7 Kxg7 19. f4 d5 20. cxd5 exd5 21. e5 Ng8 22. d4 h5 23. f5 cxd4 24. Nxd4 Rxe5 25. fxg6 fxg6 26. Qf4 Rbe8 27. Nf3 R5e7 28. Qd4+ Kh6 29. h4 Qd6 30. Ng5 Qc5 31. Rad1 Qxd4+ 32. Rxd4 Rd7 33. b4 Kg7 34. a4 a5 35. b5 Bb7 36. Rfd1 Nf6 37. g3 Rc7 38. R1d3 Rec8 39. Ne2 Rc2 40. Nf4 Rc1+ 41. Kf2 R8c2+ 42. Rd2 Ng4+ 43. Ke2 Rxd2+ 44. Kxd2 Rg1 45. Nxd5 Bxd5 46. Rxd5 Rxg3 47. Rd7+ Kf8 48. Rd6 Ne5 49. Ke2 Rg4 50. Rf6+ Kg7 51. Rxb6 Rxh4 52. Re6 Nc4 53. b6 Rh2+ 54. Kd3 Nb2+ 55. Kd4 Nxa4 56. b7 Rb2 57. Re7+ Kf6 58. Re8 Kxg5 59. b8=Q Rxb8 60. Rxb8 h4 61. Ra8 h3 62. Rxa5+ Kg4 63. Rxa4 h2 64. Ke5+ Kg3 65. Ra3+ Kg2 66. Ra2+ Kg3 67. Rxh2 Kxh2 68. Kf4 Kh3 69. Kg5 Kg3 70. Kxg6 1/2-1/2

[Event "December 19 Late 2023"]
[Site "https://www.chess.com"]
[Date "2023.12.19"]
[Round "3"]
[White "Tanenbaum, Zachary"]
[Black "Rodgers, Jack"]
[Result "0-1"]
[Board "49"]
[TimeControl "180+1"]
[WhiteFideId "2060850"]
[BlackFideId "3220885"]
[WhiteElo "2256"]
[BlackElo "2107"]
[WhiteTeam "USA"]
[BlackTeam "AUS"]
[WhiteClock "0:00:00"]
[BlackClock "0:00:06"]

1. e4 c5 2. c3 g6 3. d4 cxd4 4. cxd4 d5 5. e5 Bg7 6. Nc3 Nc6 7. Bb5 Nh6 8. Bf4 e6 9. Nf3 Bd7 10. O-O Rc8 11. Bg5 Qb6 12. Qd2 Nf5 13. Bd3 Nfxd4 14. Nxd4 Nxd4 15. Rfe1 Nc6 16. Bf6 O-O 17. Rad1 Bxf6 18. exf6 Qd4 19. Qg5 h6 20. Qxh6 Qxf6 21. Re3 Qg7 22. Qh4 f5 23. Rg3 Ne5 24. f4 Ng4 25. Be2 Nf6 26. Qg5 Kf7 27. Re3 Bc6 28. Qg3 Ne4 29. Nxe4 dxe4 30. Rc3 Rfd8 31. Rdc1 Rd2 32. Qe1 Qd4+ 33. Kh1 e3 34. Bf3 Bxf3 35. Rxc8 Bxg2+ 36. Kg1 Bc6 37. R8xc6 bxc6 38. Qh4 e2+ 39. Kg2 Qe4+ 40. Kh3 Rd3+ 41. Qg3 Rxg3+ 42. hxg3 e1=Q 0-1

[Event "December 19 Late 2023"]
[Site "https://www.chess.com"]
[Date "2023.12.19"]
[Round "3"]
[White "Sourath Biswas"]
[Black "Grutter, Tim"]
[Result "0-1"]
[Board "50"]
[TimeControl "180+1"]
[WhiteFideId "35091484"]
[BlackFideId "1057472"]
[WhiteElo "2171"]
[BlackElo "2303"]
[WhiteTeam "IND"]
[BlackTeam "NED"]
[WhiteClock "0:00:39"]
[BlackClock "0:01:24"]

1. d4 a6 2. Nf3 Nf6 3. c4 e6 4. Nc3 d5 5. Bg5 dxc4 6. e4 b5 7. e5 h6 8. Bh4 g5 9. Nxg5 hxg5 10. Bxg5 Be7 11. exf6 Bb4 12. a4 Bb7 13. axb5 axb5 14. Rxa8 Bxa8 15. Qg4 Nc6 16. Be3 Qxf6 17. Be2 Ne7 18. Qf4 Qxf4 19. Bxf4 Bxg2 20. Rf1 Bxf1 21. Bxf1 Nd5 22. Bd2 Bxc3 23. bxc3 Rxh2 0-1

[Event "December 19 Late 2023"]
[Site "https://www.chess.com"]
[Date "2023.12.19"]
[Round "3"]
[White "Lukovic, Vladimir"]
[Black "Crasyhealer"]
[Result "0-1"]
[Board "51"]
[TimeControl "180+1"]
[WhiteFideId "942952"]
[WhiteElo "2394"]
[BlackElo "2417"]
[WhiteTeam "SRB"]
[WhiteClock "0:00:10"]
[BlackClock "0:00:17"]

1. e4 e5 2. Nf3 Nc6 3. Nc3 Nf6 4. Bb5 Bc5 5. O-O d6 6. d4 exd4 7. Nxd4 Bd7 8. Bxc6 bxc6 9. h3 h6 10. b3 O-O 11. Bb2 Re8 12. Qd3 Qe7 13. Rfe1 Bb6 14. Re3 Nh5 15. Na4 Nf4 16. Qd1 c5 17. Nxb6 cxd4 18. Nxa8 dxe3 19. Nxc7 Qxe4 20. Qf3 Qxf3 21. gxf3 exf2+ 22. Kxf2 Re2+ 23. Kg1 Rxc2 24. Ba3 Nxh3+ 25. Kf1 Rxc7 26. Bxd6 Rc2 27. Rd1 Bb5+ 28. Ke1 Nf2 29. Rd2 Nd3+ 30. Kd1 Rc1+ 31. Ke2 Re1# 0-1

[Event "December 19 Late 2023"]
[Site "https://www.chess.com"]
[Date "2023.12.19"]
[Round "3"]
[White "Gubajdullin, Alexei"]
[Black "Szyszylo, Rafal"]
[Result "1-0"]
[Board "52"]
[TimeControl "180+1"]
[WhiteFideId "4141202"]
[BlackFideId "1109626"]
[WhiteElo "2274"]
[BlackElo "1951"]
[WhiteTeam "RUS"]
[BlackTeam "POL"]
[WhiteClock "0:00:42"]
[BlackClock "0:00:00"]

1. e4 g6 2. d4 d6 3. Nc3 Bg7 4. Be3 c6 5. Qd2 b5 6. h4 h5 7. Nh3 Bxh3 8. Rxh3 Nd7 9. f4 Ngf6 10. Bd3 Ng4 11. f5 Nxe3 12. Qxe3 Qb6 13. Ne2 c5 14. fxg6 fxg6 15. Qg5 Nf8 16. e5 dxe5 17. dxc5 Qc6 18. Nc3 Bh6 19. Qxe5 Qxg2 20. Bxb5+ Kf7 21. Qd5+ Qxd5 22. Nxd5 Rc8 23. Rf3+ Kg7 24. b4 Ne6 25. Bd7 Nd4 26. Bxc8 Nxf3+ 27. Kf2 Nxh4 28. Bd7 Rf8+ 29. Ke2 Nf3 30. c6 Nd4+ 31. Kd3 Nb5 32. c7 Nd6 33. Nxe7 Rf3+ 34. Kd4 Bg5 35. Re1 Rf7 36. Kd5 Bf4 37. c4 Nf5 38. Bxf5 1-0

[Event "December 19 Late 2023"]
[Site "https://www.chess.com"]
[Date "2023.12.19"]
[Round "3"]
[White "slidingknight2775"]
[Black "Drygalov, Andrey"]
[Result "1-0"]
[Board "53"]
[TimeControl "180+1"]
[BlackFideId "24171735"]
[WhiteElo "2623"]
[BlackElo "2477"]
[BlackTeam "RUS"]
[WhiteClock "0:00:10"]
[BlackClock "0:00:05"]

1. Nf3 Nf6 2. g3 d5 3. Bg2 g6 4. O-O Bg7 5. c4 c6 6. cxd5 cxd5 7. d4 O-O 8. Nc3 e6 9. Ne5 Nfd7 10. Nxd7 Qxd7 11. b3 b6 12. Ba3 Rd8 13. Rc1 Ba6 14. Re1 Nc6 15. e3 Rac8 16. Qd2 Rc7 17. Rc2 Rdc8 18. Rec1 Bf8 19. Bxf8 Kxf8 20. Ne2 Bxe2 21. Qxe2 Nb4 22. Rxc7 Rxc7 23. Rxc7 Qxc7 24. Qd2 a5 25. Bf1 Ke7 26. a3 Qc2 27. Qe2 Qxe2 28. Bxe2 Nc2 29. a4 Kd6 30. Bd1 Nb4 31. Kf1 e5 32. Ke2 f6 33. Kd2 h6 34. Bc2 f5 35. f4 exf4 36. exf4 Ke6 37. Bb1 Kf6 38. Bd3 g5 39. Bb5 Ke6 40. Kc3 Na2+ 41. Kb2 Nb4 42. Kc3 Kf6 43. Kd2 Kg6 44. Be8+ Kg7 45. h4 Na6 46. hxg5 hxg5 47. fxg5 Nc7 48. Bh5 Ne6 49. Bf3 Nxg5 50. Bxd5 Kf6 51. Ke3 Nh7 52. Bg2 Ng5 53. Bd5 Nh7 54. Kd3 Ke7 55. Bf3 Nf6 56. Kc4 Kd6 57. Kb5 Kc7 58. b4 axb4 59. Kxb4 Ne8 60. a5 bxa5+ 61. Kxa5 Kd6 62. Kb4 Ng7 63. Kc3 Ne6 64. Kd3 Ng5 65. Bg2 Ne6 66. Ke3 Ke7 67. Bh3 Kf6 68. d5 Ng5 69. Bg2 Ke5 70. d6 Ne6 71. d7 Kd6 72. Bh3 Kxd7 73. Bxf5 Ke7 74. Bxe6 Kxe6 75. Ke4 Kf6 76. Kf4 Kf7 77. Kg5 Ke6 78. Kg6 Ke7 79. g4 Kf8 80. Kh7 Kf7 81. g5 Ke6 82. g6 1-0

[Event "December 19 Late 2023"]
[Site "https://www.chess.com"]
[Date "2023.12.19"]
[Round "3"]
[White "Bortnyk, Mykola"]
[Black "Mazzilli, Piero"]
[Result "1-0"]
[Board "54"]
[TimeControl "180+1"]
[WhiteFideId "14120836"]
[BlackFideId "807087"]
[WhiteElo "2592"]
[BlackElo "2313"]
[WhiteTeam "UKR"]
[BlackTeam "ITA"]
[WhiteClock "0:00:09"]
[BlackClock "0:00:00"]

1. e4 c5 2. Nf3 d6 3. d4 cxd4 4. Nxd4 Nf6 5. Nc3 a6 6. Bg5 e6 7. f4 Be7 8. Qf3 h6 9. Bxf6 Bxf6 10. O-O-O Qb6 11. Nb3 Be7 12. g4 Bd7 13. h4 Nc6 14. g5 O-O-O 15. Bh3 hxg5 16. hxg5 g6 17. Kb1 Kb8 18. f5 Ne5 19. Qg3 gxf5 20. exf5 Bc6 21. f6 Bxf6 22. gxf6 Bxh1 23. Rxh1 Rdg8 24. Qe1 Rxh3 25. Rxh3 Rg1 26. Qxg1 Qxg1+ 27. Nc1 Qg6 28. a4 Qxf6 29. a5 Qe7 30. Rh8+ Ka7 31. Na4 Nd7 32. Nd3 e5 33. Nb4 Qe6 34. Rc8 e4 35. c4 e3 36. Nd5 e2 37. Ka2 e1=Q 38. Ndb6 Qxc4+ 39. Nxc4 Qb4 40. Nab6 Nb8 41. b3 Qc3 42. Na4 Qc2+ 43. Nab2 d5 44. Nb6 Qe4 45. Rd8 Qe5 46. Nc8+ Ka8 47. Na4 1-0

[Event "December 19 Late 2023"]
[Site "https://www.chess.com"]
[Date "2023.12.19"]
[Round "3"]
[White "GoldenShare"]
[Black "Makarian, Rudik"]
[Result "0-1"]
[Board "55"]
[TimeControl "180+1"]
[BlackFideId "44105681"]
[WhiteElo "2504"]
[BlackElo "2540"]
[BlackTeam "FID"]
[WhiteClock "0:00:41"]
[BlackClock "0:00:34"]

1. e4 e6 2. d4 d6 3. Nd2 b6 4. Bd3 Bb7 5. Ngf3 g6 6. h4 h6 7. Nf1 Bg7 8. Ng3 Nd7 9. Qe2 Ne7 10. c3 a6 11. Bd2 c5 12. e5 dxe5 13. dxe5 Bxf3 14. gxf3 Nxe5 15. Be4 N5c6 16. O-O-O Qc7 17. f4 h5 18. Rhe1 b5 19. Be3 b4 20. Bxc5 bxc3 21. b3 O-O 22. Nxh5 gxh5 23. Qxh5 f5 24. Rg1 Rf7 25. Bxc6 Nxc6 26. Rg6 Qa5 27. Bd6 Qxa2 0-1

[Event "December 19 Late 2023"]
[Site "https://www.chess.com"]
[Date "2023.12.19"]
[Round "3"]
[White "Cervantes Landeiro, Thalia"]
[Black "Liascovich, Lucas"]
[Result "1-0"]
[Board "56"]
[TimeControl "180+1"]
[WhiteFideId "3520498"]
[BlackFideId "108634"]
[WhiteElo "2189"]
[BlackElo "2455"]
[WhiteTeam "USA"]
[BlackTeam "ARG"]
[WhiteClock "0:00:16"]
[BlackClock "0:00:51"]

1. d4 d5 2. c4 e6 3. Nc3 Bb4 4. Nf3 Nf6 5. Bg5 h6 6. Bxf6 Qxf6 7. Qa4+ Nc6 8. e3 O-O 9. Be2 Bd7 10. Qc2 dxc4 11. Bxc4 e5 12. O-O exd4 13. Nd5 Qd8 14. exd4 Bd6 15. Rad1 Bg4 16. Qe4 Bxf3 17. Qxf3 Qh4 18. g3 Nxd4 19. Qe3 Nf3+ 20. Qxf3 Qxc4 21. Rc1 Qxa2 22. Nxc7 Bxc7 23. Rxc7 Qxb2 24. Rxb7 Qd4 25. Rd1 Qe5 26. Rdd7 a5 27. Rxf7 Rxf7 28. Qxf7+ Kh8 29. Re7 Qd4 30. Rd7 Qc3 31. Rc7 Qe1+ 32. Kg2 Qe4+ 33. Kh3 Rg8 34. Ra7 a4 35. Qf4 Qe6+ 36. Qg4 Qb6 37. Rxa4 Qxf2 38. Rf4 Qg1 39. Rf7 Qc5 40. Kg2 Qc2+ 41. Rf2 Qc6+ 42. Qf3 Qe6 43. h4 Rc8 44. Qf5 Qc6+ 45. Qf3 Qd6 46. Qf5 Ra8 47. Qf3 Qe7 48. Qxa8+ 1-0

[Event "December 19 Late 2023"]
[Site "https://www.chess.com"]
[Date "2023.12.19"]
[Round "3"]
[White "Gabuzyan, Hovhannes"]
[Black "Reprintsev, Alexander"]
[Result "1-0"]
[Board "57"]
[TimeControl "180+1"]
[WhiteFideId "13303732"]
[BlackFideId "14100541"]
[WhiteElo "2486"]
[BlackElo "2229"]
[WhiteTeam "ARM"]
[BlackTeam "UKR"]
[WhiteClock "0:00:40"]
[BlackClock "0:00:07"]

1. e4 d5 2. exd5 Qxd5 3. Nc3 Qa5 4. Nf3 Nc6 5. Bc4 Bg4 6. h3 Qh5 7. Be2 O-O-O 8. O-O Bxf3 9. Bxf3 Qg6 10. d3 Nd4 11. Be3 e5 12. a4 a6 13. Bh5 Qe6 14. Ne4 h6 15. c3 Nf5 16. Bg4 g6 17. Qf3 h5 18. Bxf5 gxf5 19. Nc5 Bxc5 20. Bxc5 Nf6 21. Rfe1 Rhe8 22. Bd4 Rd5 23. Re2 Qd6 24. Rae1 Nd7 25. Qxf5 f6 26. Qxh5 Rg8 27. Be3 Rxd3 28. Qh7 Rd8 29. Qf5 Kb8 30. b4 Rxc3 31. Rd2 Qe7 32. Red1 Kc8 33. Bc5 Qf7 34. a5 Rc4 35. g3 Rc3 36. h4 Rc4 37. h5 b6 38. axb6 cxb6 39. Bxb6 1-0

[Event "December 19 Late 2023"]
[Site "https://www.chess.com"]
[Date "2023.12.19"]
[Round "3"]
[White "Abasov, Nijat"]
[Black "Filgueira, Hernan"]
[Result "1-0"]
[Board "58"]
[TimeControl "180+1"]
[WhiteFideId "13402960"]
[BlackFideId "101770"]
[WhiteElo "2561"]
[BlackElo "2363"]
[WhiteTeam "AZE"]
[BlackTeam "ARG"]
[WhiteClock "0:00:04"]
[BlackClock "0:01:02"]

1. e4 e5 2. Nf3 Nc6 3. Bc4 Nf6 4. d3 h6 5. Nc3 d6 6. a4 Be7 7. h3 Be6 8. Bxe6 fxe6 9. Be3 Qd7 10. a5 a6 11. d4 exd4 12. Nxd4 Nxd4 13. Qxd4 e5 14. Qc4 Qc6 15. Qxc6+ bxc6 16. f3 Nd7 17. Ke2 Nf8 18. Rhd1 Ne6 19. b3 Bg5 20. Bg1 Bf6 21. Ra4 Rb8 22. Na2 c5 23. Nc3 Kd7 24. Nd5 Bd8 25. Rc4 c6 26. Ne3 Nd4+ 27. Kd3 g6 28. Ra4 Ke6 29. Nc4 Rf8 30. Bh2 g5 31. Rda1 h5 32. Rf1 Bc7 33. Raa1 d5 34. exd5+ cxd5 35. Nxe5 Bxe5 36. Rae1 Nc6 37. Re2 Kf5 38. g4+ Kf6 39. f4 Nb4+ 40. Kd2 Bxf4+ 41. Bxf4 gxf4 42. Rxf4+ Kg5 43. Rxf8 Rxf8 44. Re5+ Kf4 45. Rxh5 Rd8 46. Rf5+ Ke4 47. Rf6 d4 48. g5 Rh8 49. Rh6 Rxh6 50. gxh6 Nc6 51. h7 c4 52. h8=Q c3+ 53. Ke2 Nb4 54. Qh7+ 1-0

[Event "December 19 Late 2023"]
[Site "https://www.chess.com"]
[Date "2023.12.19"]
[Round "3"]
[White "Fawzy, Adham"]
[Black "Rama, Tejas"]
[Result "1-0"]
[Board "59"]
[TimeControl "180+1"]
[WhiteFideId "10613129"]
[BlackFideId "30907381"]
[WhiteElo "2550"]
[BlackElo "2089"]
[WhiteTeam "EGY"]
[BlackTeam "USA"]
[WhiteClock "0:01:00"]
[BlackClock "0:00:05"]

1. e4 e5 2. Nf3 Nc6 3. d4 exd4 4. Bc4 Bc5 5. O-O d6 6. c3 dxc3 7. Nxc3 Be6 8. Bxe6 fxe6 9. Ng5 Qf6 10. Qb3 O-O-O 11. Nxe6 Na5 12. Qd5 Ne7 13. e5 Qg6 14. Nf4 Nxd5 15. Nxg6 Nxc3 16. Nxh8 Ne2+ 17. Kh1 Rxh8 18. exd6 Bxd6 19. Be3 Nf4 20. Rac1 Nc6 21. Rfd1 Rf8 22. g3 Ng6 23. f4 h5 24. Kg2 Nge7 25. a3 Nf5 26. Bf2 h4 27. b4 hxg3 28. hxg3 a6 29. Rc4 Rg8 30. g4 Nfe7 31. Re4 g6 32. Bh4 Rg7 33. Bg5 Rf7 34. Kg3 Kd7 35. a4 b5 36. axb5 axb5 37. Kh4 Rh7+ 38. Kg3 Rh8 39. Bf6 Ra8 40. Be5 Ra3+ 41. Kh4 Rb3 42. Kg5 Rxb4 43. Re3 Ke8 44. Bxd6 cxd6 45. Rxd6 Rc4 46. Rxg6 Rc5+ 47. f5 b4 48. Kh6 Rc3 49. Re1 b3 50. f6 b2 51. fxe7 Nxe7 52. Rg8+ Kf7 53. Rg7+ Kf8 54. Rgxe7 Rc6+ 55. Kg5 Rc1 56. Re8+ Kf7 57. R1e7# 1-0

[Event "December 19 Late 2023"]
[Site "https://www.chess.com"]
[Date "2023.12.19"]
[Round "3"]
[White "Hamidi, Amir Mohammad"]
[Black "Novikova, Galina"]
[Result "0-1"]
[Board "60"]
[TimeControl "180+1"]
[WhiteFideId "12563285"]
[BlackFideId "4157095"]
[WhiteElo "2217"]
[BlackElo "1972"]
[WhiteTeam "IRI"]
[BlackTeam "RUS"]
[WhiteClock "0:00:00"]
[BlackClock "0:00:33"]

1. Nf3 Nc6 2. d4 d5 3. c4 Bg4 4. e3 e5 5. dxe5 Nxe5 6. Qa4+ Bd7 7. Qd1 Nxc4 8. Qxd5 Nb6 9. Qd1 Qe7 10. Nc3 O-O-O 11. Qb3 Bc6 12. Be2 h6 13. O-O g5 14. Nd4 Bd7 15. Bf3 g4 16. Nd5 Nxd5 17. Bxd5 c6 18. Bxf7 Nf6 19. Be6 Re8 20. Bxd7+ Qxd7 21. Qa4 Kb8 22. Bd2 Bd6 23. Rad1 h5 24. Bc3 Ne4 25. Qa5 Rhf8 26. Ne2 Rf5 0-1

[Event "December 19 Late 2023"]
[Site "https://www.chess.com"]
[Date "2023.12.19"]
[Round "3"]
[White "Kanter, Eduard"]
[Black "Wieczorek, Oskar"]
[Result "0-1"]
[Board "61"]
[TimeControl "180+1"]
[WhiteFideId "4103963"]
[BlackFideId "1133950"]
[WhiteElo "2243"]
[BlackElo "2407"]
[WhiteTeam "RUS"]
[BlackTeam "POL"]
[WhiteClock "0:00:01"]
[BlackClock "0:01:01"]

1. d4 Nf6 2. c4 c5 3. d5 g6 4. Nc3 Bg7 5. e4 d6 6. h3 O-O 7. Nf3 e6 8. Bd3 Na6 9. O-O Nc7 10. Bg5 h6 11. Bh4 e5 12. Nd2 Qe8 13. a3 Nh5 14. b4 Nf4 15. Nb3 b6 16. Bg3 Qe7 17. Ra2 h5 18. Ne2 Nxd3 19. Qxd3 f5 20. f3 Bd7 21. Nc3 Bh6 22. Kh1 Ne8 23. Be1 Nf6 24. Raf2 h4 25. Bd2 Bxd2 26. Rxd2 Nh5 27. Kg1 Qg5 28. Qc2 Rf7 29. Rff2 Raf8 30. Ne2 fxe4 31. Qxe4 Bf5 32. f4 Bxe4 0-1

[Event "December 19 Late 2023"]
[Site "https://www.chess.com"]
[Date "2023.12.19"]
[Round "3"]
[White "Nilsson, Joakim"]
[Black "Ghasi, Ameet K"]
[Result "0-1"]
[Board "62"]
[TimeControl "180+1"]
[WhiteFideId "1723383"]
[BlackFideId "409200"]
[WhiteElo "2143"]
[BlackElo "2558"]
[WhiteTeam "SWE"]
[BlackTeam "ENG"]
[WhiteClock "0:00:08"]
[BlackClock "0:00:06"]

1. d4 Nf6 2. Nf3 g6 3. Bg5 Bg7 4. c3 O-O 5. Nbd2 d5 6. e3 Nbd7 7. Be2 Re8 8. O-O e5 9. dxe5 Nxe5 10. Nxe5 Rxe5 11. Nf3 Re8 12. c4 dxc4 13. Qc2 h6 14. Rad1 Qe7 15. Bf4 Nh5 16. Bxc4 Nxf4 17. exf4 Bf5 18. Qb3 c6 19. Rfe1 Qc7 20. g3 b5 21. Bf1 Be6 22. Qc2 Bf5 23. Qc1 Bg4 24. Bg2 Rac8 25. h3 Bxf3 26. Bxf3 c5 27. Qc2 c4 28. Bd5 Kf8 29. f5 g5 30. f6 Bxf6 31. Qf5 Bxb2 32. Qh7 Bg7 33. Kg2 c3 34. Rc1 Rxe1 35. Rxe1 c2 36. Rc1 a5 37. Qf5 Rd8 38. Rxc2 Qe7 39. Re2 Qd7 40. Qxd7 Rxd7 41. Bc6 Rd8 42. Bxb5 Bd4 43. a4 Kg7 44. Rc2 Bb6 45. Re2 Rd4 46. Rc2 Rd6 47. Re2 Rf6 48. g4 Rf4 49. Rc2 Bd4 50. Re2 Bc5 51. Rc2 Bb6 52. Rd2 h5 53. gxh5 f6 54. Re2 Kh6 55. Re6 Rxf2+ 56. Kg3 Bd4 57. Re4 Bc5 58. Re6 Kxh5 59. Rc6 Bd4 60. Rc4 Rf4 61. Be8+ Kh6 62. Rc7 Be5 63. Kg2 Rxa4 64. Re7 Ra2+ 65. Kf3 Ra3+ 66. Ke4 Rxh3 67. Bd7 Rh4+ 68. Kd5 Rf4 69. Be6 g4 70. Rf7 Rd4+ 71. Kc5 g3 72. Bf5 Kg5 73. Bc2 Kf4 74. Rg7 Rd2 75. Bh7 Rh2 76. Bd3 a4 77. Bc4 a3 78. Kb4 a2 79. Bxa2 0-1

[Event "December 19 Late 2023"]
[Site "https://www.chess.com"]
[Date "2023.12.19"]
[Round "3"]
[White "Kotyk, Michael"]
[Black "Dyachuk, Artem"]
[Result "0-1"]
[Board "63"]
[TimeControl "180+1"]
[WhiteFideId "16214501"]
[BlackFideId "34107924"]
[WhiteElo "2069"]
[BlackElo "2244"]
[WhiteTeam "GER"]
[BlackTeam "UKR"]
[WhiteClock "0:02:19"]
[BlackClock "0:02:04"]

1. e4 e5 2. Nc3 Nc6 3. f4 exf4 4. Nf3 Bb4 5. d4 d5 6. e5 Nge7 7. Bxf4 Be6 8. Bd3 Ng6 9. Be3 Qd7 10. a3 Bxc3+ 11. bxc3 Nce7 12. Rb1 c6 13. O-O Nf5 14. Ng5 Nxe3 15. Nxe6 Nxd1 0-1

[Event "December 19 Late 2023"]
[Site "https://www.chess.com"]
[Date "2023.12.19"]
[Round "3"]
[White "Slade, Theodore"]
[Black "Apoorv Kamble"]
[Result "0-1"]
[Board "64"]
[TimeControl "180+1"]
[WhiteFideId "426547"]
[BlackFideId "25683012"]
[WhiteElo "1964"]
[BlackElo "1940"]
[WhiteTeam "ENG"]
[BlackTeam "IND"]
[WhiteClock "0:00:00"]
[BlackClock "0:00:46"]

1. d4 Nf6 2. c4 e6 3. g3 d5 4. Bg2 Be7 5. Nf3 O-O 6. O-O dxc4 7. Qc2 c6 8. a4 Nbd7 9. Qxc4 Re8 10. Nc3 Bd6 11. Bf4 Bxf4 12. gxf4 Nd5 13. e3 N7f6 14. Ne5 Nxc3 15. bxc3 Nd5 16. Qd3 c5 17. dxc5 f6 18. Nc4 Nxf4 19. Qxd8 Ne2+ 20. Kh1 Rxd8 21. Nd6 Nxc3 22. Nxb7 Bxb7 23. Bxb7 Rab8 24. c6 Nd5 25. Rfd1 Nc7 26. Rd7 Rxd7 27. cxd7 Rd8 28. Bc6 Kf8 29. Rb1 a5 30. Rb7 Na6 31. Ra7 Nc5 32. Rxa5 Nxd7 33. Bxd7 Rxd7 34. Kg2 Ke7 35. Ra8 Kd6 36. Kf3 Kc5 37. Ke4 h6 38. h4 Kb6 39. f4 Re7 40. Kf3 Rc7 41. e4 Kc5 42. Kg4 Kd4 43. e5 fxe5 44. fxe5 Kxe5 45. a5 Rc4+ 46. Kh5 Kf6 47. Rf8+ Ke7 48. Ra8 Kf7 49. a6 Ra4 50. a7 e5 51. Rb8 Rxa7 52. Rb5 Re7 53. Rb3 e4 54. Re3 Kf6 55. Kg4 Ke5 56. Re1 Rf7 57. Ra1 e3 58. Ra5+ Ke4 59. Ra4+ Kd3 60. Ra3+ Ke2 61. Ra2+ Kf1 62. Ra1+ Kf2 0-1

[Event "December 19 Late 2023"]
[Site "https://www.chess.com"]
[Date "2023.12.19"]
[Round "3"]
[White "Zeynalli, Rashad"]
[Black "Petukhov, Dmitry"]
[Result "1-0"]
[Board "65"]
[TimeControl "180+1"]
[WhiteFideId "13403320"]
[BlackFideId "4142748"]
[WhiteElo "2088"]
[BlackElo "2269"]
[WhiteTeam "AZE"]
[BlackTeam "RUS"]
[WhiteClock "0:01:23"]
[BlackClock "0:00:36"]

1. d4 Nf6 2. Bf4 g6 3. e3 Bg7 4. Nf3 O-O 5. Be2 d6 6. h3 Re8 7. O-O Nbd7 8. c4 c5 9. Nc3 b6 10. d5 Nf8 11. Qc2 h6 12. Rad1 Bf5 13. e4 Bc8 14. e5 N6h7 15. exd6 exd6 16. Nb5 Bf5 17. Bd3 Bxh3 18. Nxd6 Qf6 19. Nxe8 Rxe8 20. Bg3 Bg4 21. Rfe1 Rxe1+ 22. Rxe1 Bxf3 23. gxf3 Ng5 24. Be4 Nfh7 25. Kg2 Nxe4 26. Qxe4 Ng5 27. Qf4 Qxb2 28. d6 Bf6 29. d7 Kg7 30. Qxf6+ Qxf6 31. Be5 1-0

[Event "December 19 Late 2023"]
[Site "https://www.chess.com"]
[Date "2023.12.19"]
[Round "3"]
[White "Fieberg, Samuel"]
[Black "Weetik, Vjacheslav"]
[Result "0-1"]
[Board "66"]
[TimeControl "180+1"]
[WhiteFideId "12901717"]
[BlackFideId "4153472"]
[WhiteElo "2483"]
[BlackElo "2469"]
[WhiteTeam "GER"]
[BlackTeam "RUS"]
[WhiteClock "0:00:01"]
[BlackClock "0:00:03"]

1. Nf3 Nf6 2. g3 d5 3. Bg2 g6 4. c4 c6 5. b3 Bg7 6. Bb2 O-O 7. O-O a5 8. d3 a4 9. b4 dxc4 10. dxc4 Be6 11. Qc1 Na6 12. a3 Nc7 13. Rd1 Qc8 14. h4 Bh3 15. Nc3 Bxg2 16. Kxg2 b5 17. cxb5 cxb5 18. Qg5 Qb7 19. Rac1 Rab8 20. Kg1 Ne6 21. Qe3 Rbc8 22. Ne4 Qxe4 23. Qd2 Rfd8 24. Qe1 h6 25. Rxd8+ Rxd8 26. Bc3 Nd5 27. Bxg7 Kxg7 28. Nd2 Qe5 29. Nf3 Qf6 30. Kg2 Nb6 31. e4 Nc4 32. e5 Qf5 33. Qe2 Qd3 34. Qe1 Qxa3 35. Rc3 Qxb4 36. Qc1 a3 37. h5 g5 38. Nh2 Qb2 39. Qe1 a2 40. Rc1 Qxe5 41. Qb4 a1=Q 42. Rxa1 Qxa1 43. Qxb5 Qd4 44. Ng4 Qxg4 45. Qb4 Nf4+ 46. Kh2 Qh4+ 47. gxh4 Nd6 48. hxg5 hxg5 49. Qb2+ f6 50. Kg3 Nxh5+ 51. Kg4 Nf4 52. Kf3 Ne6 53. Qb6 Kf7 54. Qa7 Rc8 55. Kg3 Rc4 56. Kg2 Nf4+ 57. Kf3 Rc3+ 58. Kg4 Kg6 59. f3 f5+ 60. Kg3 Rc2 61. Qa8 Rg2# 0-1

[Event "December 19 Late 2023"]
[Site "https://www.chess.com"]
[Date "2023.12.19"]
[Round "3"]
[White "Leiva, Gianmarco"]
[Black "Gasparyan, David"]
[Result "1-0"]
[Board "67"]
[TimeControl "180+1"]
[WhiteFideId "3804399"]
[BlackFideId "13311980"]
[WhiteElo "2338"]
[BlackElo "2480"]
[WhiteTeam "PER"]
[BlackTeam "USA"]
[WhiteClock "0:01:08"]
[BlackClock "0:00:00"]

1. e4 c5 2. Nf3 e6 3. c3 Nf6 4. Bd3 d6 5. Bc2 Be7 6. d4 Nc6 7. O-O e5 8. h3 O-O 9. Re1 Qc7 10. Be3 cxd4 11. cxd4 Bd7 12. Nc3 Nb4 13. Bb3 a5 14. Rc1 Qb8 15. a3 Na6 16. Qd2 Rc8 17. Bg5 exd4 18. Nxd4 Nc5 19. Ba2 Ra6 20. Bxf6 Bxf6 21. Nd5 Bd8 22. Rc3 Ne6 23. Nf5 Rxc3 24. Qxc3 f6 25. Nf4 d5 26. Nxe6 Bxe6 27. Bxd5 Bxd5 28. exd5 Bc7 29. Re7 Be5 30. Rxg7+ Kh8 31. Qe3 Qc8 32. Rxh7+ Kg8 33. Rh8+ Kf7 34. Rxc8 1-0

[Event "December 19 Late 2023"]
[Site "https://www.chess.com"]
[Date "2023.12.19"]
[Round "3"]
[White "mightysmasher"]
[Black "Sun, Rick"]
[Result "1-0"]
[Board "68"]
[TimeControl "180+1"]
[BlackFideId "30909481"]
[WhiteElo "2479"]
[BlackElo "2169"]
[BlackTeam "USA"]
[WhiteClock "0:00:18"]
[BlackClock "0:00:01"]

1. e4 d6 2. d4 Nf6 3. Nc3 Nbd7 4. Nf3 e5 5. dxe5 dxe5 6. Bc4 Be7 7. O-O O-O 8. Bg5 c6 9. Qe2 b5 10. Bb3 a5 11. a4 b4 12. Nd1 Qc7 13. Ne3 Nc5 14. Bxf6 Bxf6 15. Nc4 Ne6 16. Rad1 Nf4 17. Qe3 Bg4 18. Kh1 h6 19. Nb6 Bxf3 20. gxf3 Rad8 21. Nc4 Qc8 22. Rg1 Nh3 23. Rxd8 Rxd8 24. Nb6 Qc7 25. Rf1 Bg5 26. Qc5 Rd2 27. Nc4 Re2 28. Nxe5 Nxf2+ 29. Rxf2 Rxf2 30. Bxf7+ Kh8 31. Qf8+ Kh7 32. Bg6# 1-0

[Event "December 19 Late 2023"]
[Site "https://www.chess.com"]
[Date "2023.12.19"]
[Round "3"]
[White "Seletsky, Grigory"]
[Black "Boyer, Mahel"]
[Result "0-1"]
[Board "69"]
[TimeControl "180+1"]
[WhiteFideId "14112191"]
[BlackFideId "45102422"]
[WhiteElo "2482"]
[BlackElo "2449"]
[WhiteTeam "UKR"]
[BlackTeam "FRA"]
[WhiteClock "0:01:16"]
[BlackClock "0:01:09"]

1. b3 d6 2. Bb2 e5 3. d4 exd4 4. Qxd4 Nc6 5. Qd2 d5 6. g3 Nf6 7. Bg2 Ne4 8. Bxe4 dxe4 9. Qxd8+ Nxd8 10. e3 Ne6 11. Nd2 f5 12. O-O-O Bd7 13. Ne2 O-O-O 14. Nf4 Nxf4 15. gxf4 Rg8 16. h4 Be8 17. Nc4 Rxd1+ 18. Rxd1 Bh5 19. Rg1 g6 20. Bf6 b5 21. Ne5 Ba3+ 22. Kd2 Rf8 23. Bg5 b4 24. Nc4 h6 25. Nxa3 hxg5 26. Nc4 Rd8+ 27. Kc1 gxh4 28. Rh1 Rd1+ 29. Rxd1 Bxd1 30. Kxd1 h3 31. Nd2 h2 0-1